 Dungeon Crawl Stone Soup version 0.26.0-15-gc6cd9f7 (webtiles) character file.

Game seed: 16103146359152406764

9214 Ubbricas the Party-goer (level 11, 0/87 HPs)
             Began as a Demonspawn Gladiator on Jan 21, 2021.
             Was an Elder of Uskayaw.
             Slain by a basilisk (5 damage)
             ... on level 1 of the Lair of Beasts.
             The game lasted 00:17:46 (10550 turns).

Ubbricas the Party-goer (Demonspawn Gladiator)     Turns: 10550, Time: 00:17:47

Health: 0/87       AC: 10    Str: 20    XL:     11   Next: 20%
Magic:  0/19       EV:  9    Int:  9    God:    Uskayaw [****..]
Gold:   1542       SH:  0    Dex: 22    Spells: 10/10 levels left

rFire    . . .     SeeInvis +   a - +1 quarterstaff
rCold    . . .     Faith    .   (shield currently unavailable)
rNeg     . . .     Spirit   +   R - +1 robe of the Elven Halls {Stlth+}
rPois    .         Reflect  +   c - +0 helmet
rElec    .         Harm     .   (no cloak)
rCorr    .         Rampage  .   w - +1 pair of gloves {Str+3}
Will     .....                  (no boots)
Stlth    +++.......             m - amulet of reflection
HPRegen  0.24/turn              i - ring of see invisible
MPRegen  0.32/turn              l - +4 ring of protection

@: petrifying (expiring), very slow
A: hooves 2, thin skeletal structure 3, magic shield, magic regeneration, miasma
immunity
a: Renounce Religion, Stomp, Line Pass


You were on level 1 of the Lair of Beasts.
You worshipped Uskayaw.
Uskayaw was aware of your devotion.
You visited 3 branches of the dungeon, and saw 11 of its levels.
You also visited: Ossuary and Bailey.

You collected 1542 gold pieces.

Inventory:

Hand Weapons
 a - a +1 quarterstaff (weapon)
Missiles
 d - 3 throwing nets
 g - 8 atropa-tipped darts
 o - 3 javelins
 F - 4 curare-tipped darts
 K - 27 boomerangs (quivered)
 N - 45 poisoned darts
Armour
 c - a +0 helmet (worn)
 w - a +1 pair of gloves of strength (worn)
 y - the +1 ring mail of Imimuveh {Int+7 Dex-3 Stlth+}
   (You found it on level 4 of the Dungeon)

   It affects your intelligence (+7).
   It affects your dexterity (-3).
   It makes you more stealthy.
 R - the +1 robe of the Elven Halls (worn) {Stlth+}
   (You found it on level 7 of the Dungeon)

   It makes you more stealthy.
 U - +0 gold dragon scales
Jewellery
 i - a ring of see invisible (left hand)
 j - an uncursed ring of ice
 k - an uncursed ring of ice
 l - a +4 ring of protection (right hand)
 m - an amulet of reflection (around neck)
 u - an uncursed ring of flight
 S - an uncursed ring of stealth
 T - an uncursed amulet of the acrobat
 W - the ring "Cowery" {+Blink +Fly rElec Str-3}
   (You found it in a bailey)

   [ring of flight]

   It affects your strength (-3).
   It insulates you from electricity.
   It lets you fly.
   It lets you blink.
Wands
 H - a wand of flame (12)
 I - a wand of digging (4)
 J - a wand of polymorph (4)
 L - a wand of paralysis (6)
 P - a wand of iceblast (14)
Scrolls
 b - a scroll of magic mapping
 e - 13 scrolls of identify
 n - a scroll of fog
 r - 6 scrolls of teleportation
 s - 2 scrolls of noise
 t - a scroll of blinking
 x - 4 scrolls of remove curse
 z - 2 scrolls of random uselessness
 G - a scroll of fear
Potions
 f - 5 potions of might {unknown}
 h - a potion of heal wounds {unknown}
 p - a potion of curing {unknown}
 q - 4 potions of lignification {unknown}
 v - a potion of ambrosia {unknown}
 A - 2 potions of degeneration {unknown}
 B - 2 potions of mutation {unknown}
 C - a potion of invisibility {unknown}
 D - a potion of resistance {unknown}
 E - a potion of brilliance {unknown}
 M - 2 potions of cancellation {unknown}
 O - a potion of experience {unknown}
 Q - 2 potions of flight {unknown}


   Skills:
 + Level 8.3 Fighting
 * Level 10.8 Staves
 - Level 1.7 Throwing
 + Level 6.1 Dodging
 * Level 11.1 Invocations


You had 10 spell levels left.
You didn't know any spells.
Your spell library contained the following spells:

 Spells                   Type           Power        Failure   Level
 Corona                   Hex            0%           38%         1
 Magic Dart               Conj           0%           38%         1
 Ensorcelled Hibernation  Hex/Ice        0%           52%         2
 Searing Ray              Conj           0%           52%         2
 Confusing Touch          Hex            0%           77%         3
 Dazzling Flash           Conj/Hex       0%           77%         3
 Tukima's Dance           Hex            0%           77%         3
 Fulminant Prism          Conj/Hex       0%           99%         4
 Iskenderun's Mystic Bla  Conj/Tloc      0%           99%         4


Dungeon Overview and Level Annotations

Branches:
Dungeon (9/15)             Temple (1/1) D:4            Lair (1/6) D:9
    Orc (0/2) D:9         Ossuary (visited)          Bailey (visited)

Altars:
Ashenzari
Cheibriados
Dithmenos
Elyvilon
Fedhas
Gozag
Hepliaklqana
Kikubaaqudgha
Makhleb
Nemelex Xobeh
Okawaru
Qazlal
Ru
Sif Muna
Trog
Uskayaw
Vehumet
Wu Jian
Xom
Yredelemnul
Zin
The Shining One

Shops:
D:4 (   D:9 *


Innate Abilities, Weirdness & Mutations

You have hoof-like feet.
You have an unnaturally thin skeletal structure. (Dex +6, Stealth++)
When hurt, damage is shared between your health and your magic reserves.
You regenerate magic rapidly.
You are immune to miasma.


Message History

The bolt of electricity hits you!
* * * LOW HITPOINT WARNING * * *
The bolt of electricity hits you!
* * * LOW HITPOINT WARNING * * *
You hit the komodo dragon.
You kick the komodo dragon, but do no damage.
The komodo dragon is severely wounded.
The komodo dragon completely misses you.
The basilisk gazes at you.
You are slowing down.
Your unstable footing causes you to fumble your attack.
The komodo dragon bites you!
* * * LOW HITPOINT WARNING * * *
The basilisk bites you but does no damage.
Your limbs are stiffening.
Your unstable footing causes you to fumble your attack.
The komodo dragon bites you!!
* * * LOW HITPOINT WARNING * * *
The basilisk bites you!
You die...

#...≈P≈≈≈≈≈P
#..P≈≈P≈≈≈≈≈≈
#...≈P≈≈≈≈≈≈≈ ####
##...≈≈≈P≈≈≈≈≈
#.#.##..^≈≈P≈≈≈≈≈≈≈
...#....≈≈≈≈P≈≈≈≈
#......ll;≈≈≈≈≈≈≈
#.#....≈@†≈≈≈≈≈≈≈
#......≈≈≈P≈P≈≈P≈
#.#....#.####♣♣♣♣
#..###...# ## #.##
###.#
####P.##.#####..#
##...............#
.#...####.########
..≈≈≈.###.##


You could see a komodo dragon (pain bonded), a basilisk (pain bonded) and an
electric eel (pain bonded).

Vanquished Creatures
  A two-headed ogre (D:9)
  Pikel (D:5)
  Joseph (D:7)
  A komodo dragon (Lair:1)
  A troll (D:5)
  3 blink frogs (Lair:1)
  Sigmund (D:6)
  2 wyverns
  A yak (D:9)
  Menkaure (D:6)
  4 water moccasins
  Duvessa (D:5)
  7 orc warriors
  4 sky beasts
  A phantom (D:4)
  2 black bears (D:9)
  4 ogres
  6 centaurs
  2 elf zombies (Ossuary)
  6 bullfrogs
  Dowan (D:5)
  3 scorpions
  14 killer bees
  8 wights
  An electric eel (Lair:1)
  2 howler monkeys (D:7)
  A centaur zombie (Ossuary)
  8 hounds
  2 bullfrog zombies
  6 crimson imps (D:8)
  2 human zombies (Ossuary)
  9 orc wizards
  A gnoll shaman (D:4)
  An orc priest (D:7)
  A centaur skeleton (D:7)
  2 bullfrog skeletons
  3 iguanas
  6 worker ants
  2 hound zombies
  2 mummies (Ossuary)
  A worker ant zombie (D:6)
  5 gnolls
  5 adders
  3 shadow imps (D:6)
  5 white imps
  2 ufetubi
  2 oozes
  2 adder zombies (Ossuary)
  2 adder skeletons
  A worm (D:5)
  A dart slug (D:3)
  2 leopard geckos
  34 orcs
  7 giant cockroaches
  20 goblins
  9 hobgoblins
  11 jackals
  4 quokkas
  11 bats
  3 frilled lizards
  3 goblin zombies (Ossuary)
  12 hobgoblin zombies (Ossuary)
  A jackal skeleton (D:7)
  26 kobolds
  6 kobold zombies (Ossuary)
  8 orc zombies (Ossuary)
  8 rats
  A rat zombie (Ossuary)
320 creatures vanquished.

Vanquished Creatures (collateral kills)
  A centaur zombie (D:9)
1 creature vanquished.

Vanquished Creatures (others)
  4 plants (Lair:1)
4 creatures vanquished.

Grand Total: 325 creatures vanquished

Notes
Turn   | Place    | Note
-------+----------+-------------------------------------------
     0 | D:1      | Ubbricas the Demonspawn Gladiator began the quest for the
                  | Orb.
     0 | D:1      | Reached XP level 1. HP: 16/16 MP: 1/1
   116 | D:1      | Gained mutation: You have a somewhat thin skeletal
                  | structure. (Dex +2, Stealth) [demonic ancestry]
   116 | D:1      | Reached XP level 2. HP: 22/22 MP: 2/2
   913 | D:1      | Gained mutation: You have a moderately thin skeletal
                  | structure. (Dex +4, Stealth+) [demonic ancestry]
   913 | D:1      | Reached XP level 3. HP: 28/28 MP: 3/3
  1257 | D:2      | Found a blossoming altar of Fedhas.
  1294 | D:2      | Noticed an air elemental
  1296 | D:2      | Found a stormy altar of Qazlal.
  1298 | D:2      | Noticed a water elemental
  1481 | D:2      | Noticed an earth elemental
  1481 | D:2      | Noticed a fire elemental
  1792 | D:3      | Gained mutation: When hurt, damage is shared between your
                  | health and your magic reserves. [demonic ancestry]
  1792 | D:3      | Reached XP level 4. HP: 35/35 MP: 4/4
  1925 | D:3      | Reached XP level 5. HP: 23/41 MP: 3/5
  2556 | D:3      | Reached skill level 5 in Staves
  2739 | D:3      | Found a shimmering blue altar of Sif Muna.
  2871 | D:4      | Found a basalt altar of Yredelemnul.
  2881 | D:4      | Gained mutation: You are immune to miasma. [demonic
                  | ancestry]
  2881 | D:4      | Reached XP level 6. HP: 48/48 MP: 6/6
  2917 | D:4      | Got a faintly humming ring mail
  2928 | D:4      | Identified the +1 ring mail of Imimuveh {Int+7 Dex-3
                  | Stlth+} (You found it on level 4 of the Dungeon)
  3035 | D:4      | Found a sand-covered staircase.
  3043 | Ossuary  | Entered an ossuary
  3193 | Ossuary  | Gained mutation: You have large cloven feet. [demonic
                  | ancestry]
  3193 | Ossuary  | Reached XP level 7. HP: 55/55 MP: 7/7
  3409 | D:4      | Reached skill level 5 in Fighting
  4122 | D:4      | Found a staircase to the Ecumenical Temple.
  4131 | Temple   | Entered the Ecumenical Temple
  4194 | Temple   | Became a worshipper of Uskayaw the Reveller
  4294 | D:4      | Found Gyzeisu's Weapon Shop.
  4324 | D:5      | Entered Level 5 of the Dungeon
  4334 | D:5      | Reached * piety under Uskayaw
  4336 | D:5      | Gained mutation: You have an unnaturally thin skeletal
                  | structure. (Dex +6, Stealth++) [demonic ancestry]
  4336 | D:5      | Reached XP level 8. HP: 63/63 MP: 8/8
  4375 | D:5      | Noticed a troll
  4378 | D:5      | Reached ** piety under Uskayaw
  4386 | D:5      | Reached *** piety under Uskayaw
  4389 | D:5      | Killed a troll
  4389 | D:5      | Reached **** piety under Uskayaw
  4390 | D:5      | Reached skill level 2 in Invocations
  4634 | D:5      | Noticed Pikel
  4648 | D:5      | Killed Pikel
  4649 | D:5      | Reached skill level 4 in Invocations
  4826 | D:5      | Reached skill level 5 in Invocations
  4931 | D:5      | Noticed Dowan
  4932 | D:5      | Noticed Duvessa
  4952 | D:5      | Killed Duvessa
  4961 | D:5      | Killed Dowan
  4962 | D:5      | Reached XP level 9. HP: 37/70 MP: 5/13
  5225 | D:5      | Found a white marble altar of Elyvilon.
  5311 | D:5      | Reached ***** piety under Uskayaw
  5352 | D:5      | Found a broken altar of Ashenzari.
  5490 | D:5      | Found a snail-covered altar of Cheibriados.
  5581 | D:6      | Reached skill level 6 in Invocations
  5841 | D:6      | Noticed Sigmund
  5851 | D:6      | Killed Sigmund
  6068 | D:6      | Reached skill level 7 in Invocations
  6096 | D:6      | Noticed Menkaure
  6103 | D:6      | Killed Menkaure
  6179 | D:6      | Found a glowing golden altar of the Shining One.
  6907 | D:7      | Noticed Joseph
  6916 | D:7      | Killed Joseph
  6917 | D:7      | Reached skill level 8 in Invocations
  7042 | D:7      | Gained mutation: You have hoof-like feet. [demonic
                  | ancestry]
  7042 | D:7      | Reached XP level 10. HP: 54/79 MP: 16/16
  7428 | D:7      | Reached skill level 5 in Dodging
  7439 | D:7      | Got a sheer robe
  7450 | D:7      | Identified the +1 robe of the Elven Halls {Stlth+} (You
                  | found it on level 7 of the Dungeon)
  7774 | D:7      | Reached skill level 9 in Invocations
  7784 | D:7      | You fall into a shaft and drop 1 floor!
  7786 | D:8      | Found a flagged portal.
  7822 | Bailey   | Entered a bailey
  7885 | Bailey   | Reached ****** piety under Uskayaw
  8270 | Bailey   | Got a wavering gossamer ring
  8277 | Bailey   | Identified the ring "Cowery" {+Blink +Fly rElec Str-3} (You
                  | found it in a bailey)
  8388 | D:8      | Reached skill level 10 in Staves
  8902 | D:8      | Found a sparkling altar of Nemelex Xobeh.
  8914 | D:8      | Found a shadowy altar of Dithmenos.
  9100 | D:7      | Found an opulent altar of Gozag.
  9310 | D:9      | Found Guenoah's Assorted Antiques.
  9362 | D:9      | Reached skill level 10 in Invocations
  9492 | D:9      | Found a shimmering altar of Xom.
  9550 | D:9      | Found a staircase to the Lair.
  9553 | D:9      | Noticed a two-headed ogre
  9570 | D:9      | Killed a two-headed ogre
  9571 | D:9      | Gained mutation: You regenerate magic rapidly. [demonic
                  | ancestry]
  9571 | D:9      | Reached XP level 11. HP: 17/86 MP: 4/19
  9861 | D:9      | Found a staircase to the Orcish Mines.
  9890 | D:9      | Found a glowing silver altar of Zin.
 10005 | D:9      | Found a hazy altar of Hepliaklqana.
 10385 | Lair:1   | Entered Level 1 of the Lair of Beasts
 10398 | Lair:1   | Reached skill level 11 in Invocations
 10550 | Lair:1   | Slain by a basilisk

Illustrated notes

Levels and vault maps discovered:
D:1:      co_arrival_square_in_a_square_in_a_square, layout_rooms,
          chequers_mini_garden, hangedman_glass_teeth, dk_noncrumbling_2
D:2:      layout_loops_cross, lemuel_doored_altar,
          nicolae_qazlal_style_of_elements, item_on_display_a
D:3:      layout_basic, lemuel_round_altar
D:4:      layout_rooms, lemuel_crystal_altar, minmay_temple_entry_poolview,
          serial_shops, kennysheep_mini_moat, nicolae_ossuary_entry_ruins,
          kennysheep_generic_room_16
D:5:      layout_rooms, cheibrodos_ashenzari_chains, lemuel_round_altar,
          slow_altar_2, hex_large, uniq_pikel, uniq_duvessa
D:6:      layout_gridville, tso_metal_star, uniq_sigmund, uniq_menkaure
D:7:      layout_basic, basic_altar, hangedman_abyss_or_decor_stagger,
          hex_medium, uniq_joseph
D:8:      layout_basic, amethyst_overflow_temple_binary, enter_bailey_5,
          minmay_nine_imps
D:9:      layout_cave_pools, overflow_temple_1_default, lemuel_round_altar,
          kennysheep_little_box, david_lair_generic, orc_0_dummy, serial_shops,
          shop
Temple:   jpeg_temple_alley_garden
Lair:1:   layout_loops_ring, gammafunk_ghost_arena, gauntlet_entry_generic,
          basic_altar, minmay_lair_oklob_chamber, grunt_megastairs_3,
          serial_bayou_shore_a, infiniplex_staircase_pool

Skill      XL: |  1  2  3  4  5  6  7  8  9 10 11 |
---------------+----------------------------------+-----
Staves         | 3 4 5 6 7 8 9 10 | 10.8
Fighting       | 3 4 5 6 7 8 |  8.3
Dodging        | 3 4 5 6 |  6.1
Invocations    | 5 8 10 11 | 11.1
Throwing       | |  1.7

Action                   |  1- 3 |  4- 6 |  7- 9 | 10-12 || total
-------------------------+-------+-------+-------+-------++-------
Melee: Quarterstaff      |   106 |   196 |   395 |   335 ||  1032
       Kick              |       |       |   162 |   137 ||   299
Throw: Boomerang         |       |       |       |    26 ||    26
Invok: Stomp             |       |       |     2 |     1 ||     3
  Use: Scroll            |       |       |       |    13 ||    13
 Stab: Sleeping          |    10 |     7 |    15 |    13 ||    45
       Paralysed         |       |       |    13 |    31 ||    44
       Distracted        |       |       |       |     1 ||     1
Armor: Leather armour    |    35 |    65 |   100 |    11 ||   211
       Robe              |       |       |       |    67 ||    67
Dodge: Dodged            |    86 |   108 |   222 |   326 ||   742
Block: Other             |     1 |    45 |    68 |    99 ||   213
       Reflection        |       |     1 |     1 |    20 ||    22
